Map: King Sejong Station LE

Players

Trizztein

  • Race: Terran Terran
  • League: Diamond

Tyrael - Winner!

  • Race: Terran Terran
  • League: Diamond

VOD

Have the link to the VOD?

Description

Time

  • Played on: Aug. 6, 2016, 10:35 a.m.
  • Length: 27:31
Show
View Real Time Build Order
Export as new Build Order

Trizztein Terran 

Build Orders: MMM Bio 

Get SALT Encoding   

  12  0:00  SCV  
  13  0:13  SCV  
  14  0:17  Supply Depot  
  14  0:25  SCV  
  15  0:39  SCV, Barracks  
  16  0:46  Refinery  
  16  0:51  SCV  
  17  1:03  SCV  
  18  1:15  SCV  
  20  1:36  Orbital Command  
  20  1:37  Reaper  
  20  1:47  Command Center  
  20  1:59  Supply Depot  
  20  2:02  SCV  
  21  2:10  Barracks Reactor  
  21  2:14  SCV  
  22  2:23  Bunker  
  22  2:26  SCV  
  23  2:30  Factory, Refinery  
  23  2:38  SCV  
  24  2:48  Marine x2  
  24  2:50  SCV  
  27  3:03  SCV  
  27  3:04  Orbital Command  
  28  3:08  Marine x2  
  30  3:15  SCV  
  30  3:16  Factory Tech Lab  
  31  3:20  Starport  
  31  3:26  Marine x2  
  33  3:27  SCV  
  34  3:39  SCV  
  35  3:50  SCV  
  35  3:51  Siege Tank  
  35  3:52  Marine x2  
  35  3:53  SCV  
  42  3:58  Medivac  
  45  4:02  SCV  
  45  4:07  SCV  
  45  4:08  Command Center  
  46  4:17  Supply Depot, Marine x2  
  46  4:18  SCV  
  46  4:20  SCV  
  50  4:30  SCV  
  51  4:32  SCV  
  51  4:36  Barracks  
  51  4:37  Barracks, Marine x2  
  54  4:44  SCV  
  54  4:45  SCV  
  56  4:48  Engineering Bay  
  56  4:55  Marine x2  
  56  4:56  SCV  
  56  4:57  SCV  
  60  5:00  Supply Depot  
  60  5:04  Viking  
  62  5:18  Missile Turret  
  62  5:19  SCV x2, Cyclone  
  68  5:25  Missile Turret  
  68  5:26  Barracks Tech Lab  
  69  5:28  Barracks Tech Lab  
  69  5:31  SCV, Orbital Command  
  69  5:36  Refinery  
  69  5:38  Refinery  
  69  5:40  SCV  
  70  5:47  SCV  
  70  5:49  Combat Shields  
  71  5:50  Stimpack  
  71  5:59  SCV, Siege Tank  
  71  6:00  Orbital Command  
  75  6:08  Marine x4  
  75  6:10  SCV, Barracks  
  80  6:11  SCV  
  80  6:12  Barracks  
  80  6:15  Terran Infantry Weapons Level 1  
  81  6:19  Supply Depot  
  81  6:20  Supply Depot  
  81  6:22  SCV  
  82  6:27  SCV x2  
  84  6:34  SCV  
  85  6:41  SCV x2  
  85  6:42  Starport Reactor  
  85  6:43  Siege Tank  
  85  6:44  Marine x4  
  85  6:46  SCV  
  95  6:47  Supply Depot  
  95  6:49  Supply Depot  
  95  6:53  SCV  
  96  6:57  SCV  
  97  7:01  Barracks Reactor x2, Marine x2  
  97  7:03  Sensor Tower  
  97  7:05  SCV x2  
  101  7:10  SCV  
  101  7:15  Starport  
  102  7:16  Supply Depot  
  102  7:17  SCV  
  102  7:23  Barracks Tech Lab  
  102  7:35  SCV x2  
  102  7:36  Starport  
  104  7:38  Siege Tank  
  104  7:39  Marauder, Refinery x2  
  104  7:40  Marine x5  
  104  7:41  Marauder  
  104  7:43  Viking x2  
  120  7:45  SCV  
  123  7:58  Marauder  
  123  7:59  SCV  
  123  8:02  Supply Depot  
  123  8:04  Supply Depot  
  124  8:06  Missile Turret x2  
  124  8:11  Siege Tank  
  122  8:24  Viking x2  
  118  8:27  Starport Reactor, Starport Tech Lab  
  118  8:29  SCV  
  116  8:38  SCV  
  116  8:41  Missile Turret  
  117  8:43  Missile Turret, Siege Tank  
  117  8:47  SCV x2  
  122  8:53  Marine x2  
  122  8:54  Viking, Marine  
  116  9:03  Viking x4  
  117  9:14  Marine x7  
  124  9:18  SCV  
  124  9:19  SCV  
  124  9:24  Viking  
  128  9:31  Marine x2  
  128  9:32  Marine  
  131  9:39  Viking x4  
  131  9:40  SCV x2  
  141  10:00  Supply Depot, Viking, Marine x6  
  141  10:02  Supply Depot x2  
  141  10:03  Marine  
  141  10:04  Concussive Shells  
  150  10:07  SCV  
  150  10:09  Viking  
  150  10:12  Barracks x2  
  153  10:18  Marine x4  
  157  10:22  Marauder, Marine x2  
  157  10:23  Barracks  
  157  10:25  Viking x3  
  167  10:38  Marine x4  
  157  10:56  Marine  
  157  10:57  Marine x5  
  158  10:58  Marauder  
  158  11:01  Barracks Tech Lab  
  165  11:13  Liberator  
  165  11:14  Marine x3  
  165  11:15  Marauder  
  171  11:19  Engineering Bay  
  171  11:20  Armory  
  171  11:24  Command Center  
  171  11:26  Barracks Tech Lab  
  171  11:29  Marine, Marauder x3, Command Center  
  171  11:32  Liberator, Marine  
  181  11:45  Supply Depot x2  
  181  11:46  Supply Depot  
  181  11:49  Marauder, Medivac, Marine  
  189  11:56  Factory  
  189  12:00  Factory  
  189  12:06  Terran Infantry Weapons Level 2, Marine x3  
  189  12:07  Viking x2, Siege Tank  
  199  12:11  Terran Infantry Armor Level 1  
  185  13:13  Factory Tech Lab x2  
  185  13:17  Viking x4  
  157  13:28  Siege Tank  
  158  13:34  Raven  
  158  13:41  Marine x2  
  158  13:42  Marine x4  
  158  13:43  Marine x3  
  158  13:47  Medivac, Viking x3  
  165  13:59  Marine  
  165  14:00  Marine x4, Siege Tank x3  
  165  14:01  Marine x4  
  145  14:17  Viking x3, Marine  
  145  14:19  Marauder x2  
  145  14:21  Refinery x2  
  156  14:33  Planetary Fortress  
  156  14:43  Siege Tank  
  156  14:44  Siege Tank x2  
  156  14:45  Marauder x3, Marine x6  
  176  14:47  Viking  
  179  14:54  Planetary Fortress  
  179  15:15  Siege Tank  
  179  15:19  Marauder x3, Marine x6  
  194  15:26  SCV  
  195  15:29  Refinery  
  195  15:30  Refinery  
  195  15:35  Sensor Tower  
  195  15:37  Sensor Tower, Marine  
  195  15:38  Siege Tank  
  199  15:43  Marine  
  200  16:14  Terran Infantry Weapons Level 3, Terran Infantry Armor Level 2  
  200  16:15  Terran Vehicle Weapons Level 1  
  200  16:18  Armory  
  151  16:52  Siege Tank x2, Hellion  
  151  16:53  Marauder x2, Marine x4  
  151  16:54  Marine x2, Marauder  
  142  17:10  Marine  
  142  17:12  Marauder x2  
  142  17:13  Marine x3  
  142  17:14  Medivac, Marine, Hellion  
  142  17:15  Medivac x2, Marauder  
  159  17:24  Hellion x2  
  158  17:31  Marine x5  
  158  17:33  Marauder x3  
  158  17:34  Viking x2  
  158  17:35  Hellion  
  158  17:36  Marine  
  168  17:45  Siege Tank x2  
  168  17:49  Marine x3  
  174  17:56  Siege Tank  
  177  18:07  Marine  
  178  18:17  Siege Tank x2  
  183  18:28  Siege Tank  
  146  18:45  Marine x6  
  145  18:49  Siege Tank x2  
  151  19:00  Siege Tank  
  154  19:03  Command Center  
  154  19:10  Viking x4  
  160  19:22  Hellion  
  161  19:40  Siege Tank  
  164  19:50  Viking  
  166  20:11  Orbital Command  
  149  20:52  Viking x3  
  149  20:53  Viking  
  149  21:11  Marine x4  
  153  21:29  Planetary Fortress  
  153  21:32  Refinery  
  150  21:35  Refinery  
  150  21:51  Refinery  
  150  21:52  Siege Tank  
  150  21:53  Marine x4, Siege Tank x2  
  150  21:54  Marine x3  
  163  21:56  Viking  
  166  22:13  Sensor Tower  
  166  22:24  Siege Tank  
  166  22:25  Siege Tank, Hellion  
  172  22:33  Terran Infantry Armor Level 3  
  172  22:34  Terran Vehicle Weapons Level 2  
  172  22:35  Terran Ship Weapons Level 1  
  165  22:47  Hellion  
  165  22:48  Marine x3  
  158  22:57  Hellion x2  
  101  23:53  Viking x4  
  101  23:54  Orbital Command, Viking, Refinery  
  107  23:56  Siege Tank x2  
  113  24:08  Siege Tank  
  116  24:15  Marine x2  
  118  24:23  Viking x4  
  118  24:24  Viking  
  128  24:28  Sensor Tower  
  119  24:53  Viking x2  
  119  24:58  Siege Tank  
  119  24:59  Siege Tank x2  
  132  25:06  Liberator  
  132  25:07  Viking x2  
  106  25:31  Hellion x3  
  112  25:37  Marine  
  112  25:38  Marine x6  
  112  25:42  Viking x2  
  123  25:49  Raven  
  122  25:52  Siege Tank, Hellion  
  99  26:12  Hellion  
  99  26:14  Hellion  
  80  26:42  Viking x2, Siege Tank x3  
  80  26:43  Viking  
Show
View Real Time Build Order
Export as new Build Order

Tyrael Terran - Winner!

Build Orders: Hellion Opening, Reaper Expand, Mech 

Get SALT Encoding   

  12  0:01  SCV  
  13  0:14  SCV  
  13  0:18  Supply Depot  
  14  0:25  Refinery  
  14  0:28  SCV  
  15  0:40  SCV  
  16  0:46  Barracks  
  16  0:54  SCV  
  17  1:06  SCV  
  18  1:18  SCV  
  19  1:33  Reaper  
  19  1:34  Orbital Command  
  20  1:52  Command Center  
  20  2:00  SCV  
  21  2:11  Barracks Reactor, Factory  
  21  2:14  SCV  
  22  2:20  Supply Depot  
  22  2:23  Refinery  
  22  2:26  SCV  
  23  2:41  SCV  
  24  2:54  SCV  
  24  2:57  Starport  
  25  3:01  Hellion x2  
  29  3:07  Orbital Command  
  29  3:09  SCV  
  30  3:13  Barracks Tech Lab  
  30  3:21  SCV  
  30  3:23  Hellion x2  
  35  3:32  SCV  
  36  3:35  SCV  
  36  3:37  Viking  
  39  3:48  Hellion x2  
  43  3:55  SCV x2, Supply Depot  
  45  4:10  Refinery  
  45  4:15  SCV  
  45  4:17  SCV, Raven  
  46  4:22  Supply Depot  
  46  4:23  Refinery  
  49  4:27  SCV, Hellion x2  
  54  4:34  Barracks Reactor  
  54  4:40  Supply Depot  
  54  4:44  SCV x2  
  56  4:50  Supply Depot  
  56  4:58  SCV  
  57  5:00  SCV  
  58  5:13  Siege Tank  
  61  5:15  Viking x2  
  61  5:16  SCV  
  61  5:17  Barracks Tech Lab  
  61  5:21  Supply Depot  
  66  5:29  SCV  
  66  5:32  Factory  
  67  5:37  SCV  
  68  5:44  Armory  
  68  5:45  SCV  
  68  5:47  Viking  
  68  5:48  Viking  
  73  5:50  SCV  
  73  5:57  Siege Tank  
  77  6:07  Liberator  
  77  6:09  SCV x2  
  77  6:10  Supply Depot  
  79  6:15  Liberator  
  79  6:24  Siege Tank  
  88  6:33  Siege Tank  
  88  6:34  Supply Depot  
  88  6:35  Supply Depot  
  88  6:37  SCV x2  
  93  6:50  SCV  
  93  6:52  Command Center  
  94  6:56  SCV  
  94  6:58  Supply Depot  
  94  6:59  Supply Depot  
  94  7:00  Siege Tank  
  98  7:13  Engineering Bay  
  98  7:40  Infernal Pre-Igniter  
  98  7:43  Supply Depot, Terran Vehicle Weapons Level 1, Factory  
  98  7:44  SCV x2, Supply Depot  
  98  7:45  Factory  
  98  7:46  Factory  
  89  8:40  Marine, Siege Tank x2  
  96  8:42  Factory Reactor  
  96  8:43  Factory Tech Lab  
  93  8:55  Command Center  
  93  9:04  Refinery  
  93  9:07  Refinery  
  91  9:26  SCV  
  91  9:28  SCV, Orbital Command  
  93  9:35  Hellion x2  
  93  9:36  Siege Tank x3, Hellion  
  93  9:37  Viking x2, Command Center  
  112  9:38  SCV  
  112  9:40  SCV  
  108  9:50  SCV  
  107  9:55  SCV x2  
  109  10:08  Siege Tank x2  
  109  10:12  Hellion x4  
  120  10:31  Viking x2  
  120  10:33  Orbital Command  
  123  10:37  Hellion x3  
  123  10:38  Hellion  
  123  10:42  Terran Vehicle And Ship Armor Level 1  
  131  10:47  Starport  
  121  10:59  SCV x3  
  124  11:07  Refinery  
  124  11:08  Sensor Tower  
  124  11:09  Missile Turret  
  124  11:11  Refinery  
  124  11:25  Command Center, Starport Tech Lab  
  124  11:29  Fusion Core, Hellion x4  
  124  11:31  Sensor Tower, Starport, Siege Tank x3  
  141  11:33  Viking x2  
  145  11:45  Planetary Fortress  
  145  11:59  Hellion x3  
  145  12:00  Hellion  
  153  12:09  Sensor Tower  
  153  12:12  Supply Depot  
  153  12:15  Starport Reactor  
  153  12:18  Viking x3  
  153  12:21  Siege Tank  
  153  12:22  Siege Tank x2  
  168  12:28  Hellion x3  
  174  12:59  Missile Turret  
  174  13:00  Hellion x16  
  174  13:03  Hellion x3  
  134  13:29  Hellion x4  
  134  13:31  Siege Tank x3  
  135  13:59  Hellion x2  
  135  14:00  Viking x2, Hellion x2  
  135  14:01  Viking  
  130  14:26  Advanced Ballistics  
  130  14:27  Terran Vehicle Weapons Level 2  
  130  14:29  Command Center  
  130  14:30  Viking  
  132  14:45  Armory  
  132  14:50  Refinery  
  132  14:51  Refinery  
  132  14:57  Hellion x4  
  143  15:00  Siege Tank  
  143  15:25  Refinery  
  143  15:27  Planetary Fortress  
  143  15:33  Hellion x4  
  151  15:42  Viking x3  
  157  15:43  Viking  
  157  15:44  Viking  
  157  15:48  Terran Vehicle And Ship Armor Level 2  
  161  15:54  Planetary Fortress  
  161  15:59  Hi-Sec Auto Tracking  
  161  16:11  Hellion  
  161  16:12  Hellion x3  
  161  16:14  Siege Tank x2  
  154  16:49  Hellion x3  
  154  16:50  Hellion  
  142  16:54  Siege Tank x3  
  142  16:55  Viking x3  
  140  17:18  Hellion x4  
  148  17:26  Siege Tank  
  151  17:34  Viking x5  
  161  17:48  Command Center  
  161  18:02  Hellion x4  
  161  18:04  Siege Tank x2  
  161  18:05  Siege Tank  
  178  18:06  Viking  
  176  18:38  Hellion x3  
  176  18:39  Hellion  
  138  18:49  Siege Tank x3  
  147  19:14  Hellion x2  
  147  19:15  Hellion  
  144  19:47  Viking x3  
  144  19:48  Viking  
  144  19:50  Siege Tank x2, Hellion x4  
  144  19:51  Siege Tank  
  159  20:15  Hellion x3  
  165  20:22  Siege Tank  
  151  21:10  Hellion x3  
  151  21:11  Siege Tank, Hellion  
  162  21:26  Terran Vehicle Weapons Level 3  
  162  21:27  Terran Vehicle And Ship Armor Level 3  
  155  21:43  Viking x5  
  165  22:00  Building Armor  
  162  22:10  Sensor Tower  
  162  22:27  Hellion  
  162  22:28  Hellion x2  
  162  22:29  Siege Tank x3, Hellion  
  134  23:05  Hellion x5  
  117  23:08  Siege Tank x2  
  114  23:26  Siege Tank  
  117  23:34  Hellion x4  
  116  23:35  Viking x4  
  116  23:36  Viking  
  108  24:01  Liberator x4  
  108  24:02  Liberator  
  108  24:03  Hellion x4  
  108  24:04  Siege Tank x3  
  137  24:24  Planetary Fortress  
  137  24:29  Refinery  
  137  24:33  Refinery  
  116  25:19  Viking x3  
  124  25:21  Hellion x2  
  124  25:22  Siege Tank x2, Hellion x2  
  124  25:27  SCV  
  137  25:34  Orbital Command  
  137  25:48  Command Center  
  137  25:58  Liberator x5  
  105  26:18  Hellion x3  
  120  26:25  Siege Tank x3, Hellion  
  131  26:59  Hellion x4  
  131  27:01  Viking x5  
  158  27:09  Refinery  
  158  27:19  Refinery  
Tags
 
Add a new tag
Caveats
  • Supply blocks, unpowered buildings, or Contaminate may cause inaccurate times.
  • Supply counts are checked every 10 seconds.